Map: Mech Depot LE

Players

TLO - Winner!

  • Race: Zerg Zerg
  • Spawn Location: 7:00

PandaBearMe

  • Race: Zerg Zerg
  • Spawn Location: 1:00

Event: WCS Montreal 2017

VOD

Have the link to the VOD?

Description

Time

  • Played on: Sept. 8, 2017, 2:44 p.m.
  • Length: 11:16

All games in this series

Show
View Real Time Build Order
Export as new Build Order

TLO Zerg - Winner!

Build Orders: Hatch First 

Get SALT Encoding   

  12  0:00  Drone  
  13  0:12  Overlord  
  13  0:17  Drone  
  14  0:31  Drone x2  
  17  0:35  Drone  
  17  0:52  Hatchery  
  17  0:55  Drone  
  17  0:58  Drone  
  17  1:03  Extractor  
  17  1:13  Spawning Pool  
  17  1:16  Drone  
  17  1:19  Drone  
  18  1:28  Drone  
  19  1:38  Overlord  
  19  1:59  Queen  
  19  2:00  Zergling x4  
  23  2:04  Queen, Metabolic Boost  
  23  2:07  Zergling x2  
  26  2:10  Drone  
  27  2:19  Drone  
  28  2:25  Drone  
  28  2:26  Drone  
  30  2:35  Queen, Drone  
  33  2:41  Queen  
  35  2:45  Overlord  
  35  2:47  Drone  
  36  2:52  Overlord  
  36  3:01  Overlord  
  36  3:04  Drone  
  36  3:05  Drone  
  37  3:06  Drone  
  37  3:09  Drone x2  
  37  3:11  Drone  
  39  3:15  Drone  
  39  3:16  Drone  
  39  3:17  Drone  
  41  3:20  Drone  
  41  3:24  Zergling x2  
  41  3:26  Zergling x2  
  44  3:31  Evolution Chamber  
  43  3:38  Roach Warren  
  43  3:39  Zergling x2, Evolution Chamber  
  43  3:40  Zergling x2  
  43  3:45  Zergling x2  
  43  3:46  Zergling x2  
  43  3:47  Zergling x2  
  46  3:49  Zergling x2  
  46  3:50  Zergling x2  
  46  3:51  Zergling x2  
  46  3:53  Zergling x2  
  50  3:59  Zergling x4  
  50  4:01  Zergling x2  
  54  4:12  Zergling x2  
  54  4:13  Zergling x2  
  54  4:16  Lair  
  56  4:20  Extractor, Drone  
  56  4:21  Extractor, Drone x2  
  57  4:26  Drone  
  57  4:27  Drone  
  57  4:30  Drone  
  60  4:36  Overlord  
  59  4:46  Drone  
  59  4:47  Drone  
  59  4:48  Drone  
  59  4:49  Drone  
  59  4:50  Drone  
  56  4:53  Drone  
  56  4:55  Hatchery  
  56  4:56  Zerg Missile Weapons Level 1  
  56  5:00  Drone  
  56  5:01  Drone  
  56  5:03  Drone x3  
  56  5:04  Drone  
  62  5:09  Zergling x2  
  62  5:12  Overlord  
  62  5:13  Glial Reconstitution  
  63  5:18  Overlord  
  63  5:24  Overlord  
  63  5:27  Overlord  
  63  5:30  Extractor  
  63  5:35  Roach  
  64  5:38  Roach x2  
  64  5:40  Roach  
  70  5:45  Roach x2  
  70  5:46  Roach x2  
  70  5:49  Roach  
  73  5:50  Queen  
  73  5:52  Roach  
  72  5:59  Roach  
  72  6:01  Roach  
  76  6:07  Drone x2  
  76  6:08  Roach x2  
  76  6:09  Queen  
  76  6:11  Drone x2  
  85  6:13  Drone  
  85  6:15  Drone  
  88  6:19  Drone  
  88  6:21  Drone  
  88  6:24  Drone  
  91  6:27  Hydralisk Den  
  91  6:30  Roach  
  92  6:33  Evolution Chamber  
  92  6:34  Roach x2  
  92  6:38  Roach  
  92  6:39  Roach  
  99  6:43  Roach x3  
  102  6:49  Roach  
  102  6:50  Roach  
  102  6:53  Ravager  
  102  6:54  Roach x2  
  102  6:56  Roach  
  102  6:57  Ravager  
  102  6:59  Roach  
  103  7:01  Drone  
  103  7:02  Drone  
  103  7:05  Drone x2  
  103  7:08  Drone  
  104  7:10  Drone x2  
  104  7:11  Drone  
  104  7:13  Roach  
  103  7:16  Roach  
  103  7:19  Roach  
  102  7:24  Zerg Missile Weapons Level 2  
  102  7:26  Drone x2  
  101  7:32  Overlord  
  101  7:33  Overlord  
  101  7:35  Roach  
  101  7:36  Roach  
  105  7:39  Overlord  
  105  7:43  Zerg Ground Armor Level 1  
  105  7:47  Overlord  
  105  7:48  Drone  
  106  7:51  Extractor  
  106  7:53  Drone  
  106  7:58  Drone  
  106  7:59  Drone x4  
  106  8:02  Roach x3  
  106  8:03  Roach  
  119  8:07  Roach  
  119  8:09  Drone  
  119  8:12  Muscular Augments, Hydralisk  
  124  8:13  Extractor  
  124  8:16  Spore Crawler  
  124  8:19  Overlord, Hydralisk  
  122  8:22  Drone  
  122  8:25  Hydralisk  
  127  8:27  Spore Crawler  
  127  8:29  Drone x2  
  127  8:30  Drone  
  127  8:31  Hydralisk  
  131  8:34  Hydralisk  
  131  8:37  Hydralisk  
  131  8:39  Overseer  
  131  8:41  Hydralisk  
  135  8:45  Hydralisk  
  139  8:49  Hydralisk x2  
  139  8:52  Hydralisk  
  145  9:02  Overlord  
  145  9:03  Overlord  
  145  9:04  Overlord  
  145  9:05  Overlord  
  145  9:14  Overlord  
  145  9:19  Overlord  
  145  9:23  Roach x8  
  161  9:26  Ravager x5  
  161  9:30  Overlord x2  
  166  9:34  Roach  
  166  9:35  Roach  
  166  9:36  Roach  
  166  9:37  Overlord  
  172  9:46  Roach, Hatchery  
  172  9:48  Roach  
  172  9:49  Roach  
  172  9:51  Roach  
  179  9:54  Roach  
  179  9:55  Roach  
  179  9:57  Roach  
  179  9:59  Roach  
  183  10:01  Roach  
  183  10:03  Roach  
  183  10:05  Overseer  
  183  10:06  Roach  
  189  10:08  Roach  
  189  10:11  Roach  
  179  10:17  Roach x4  
  178  10:26  Roach  
  178  10:27  Roach  
  184  10:28  Roach  
  184  10:34  Roach x2  
  188  10:40  Roach  
  186  10:43  Roach  
  186  10:44  Roach  
  186  10:45  Roach  
  186  10:46  Roach  
  186  10:49  Roach  
  196  10:54  Ravager x3  
Show
View Real Time Build Order
Export as new Build Order

PandaBearMe Zerg 

Build Orders: Hatch First 

Get SALT Encoding   

  12  0:02  Drone  
  13  0:13  Overlord  
  13  0:17  Drone  
  14  0:31  Drone x2  
  16  0:49  Hatchery  
  15  0:52  Drone  
  15  0:55  Drone  
  17  0:57  Drone  
  17  1:00  Extractor  
  17  1:14  Spawning Pool  
  17  1:17  Drone  
  17  1:20  Drone  
  18  1:28  Drone  
  19  1:39  Overlord  
  19  2:00  Queen  
  19  2:01  Queen  
  23  2:02  Zergling x6  
  26  2:08  Metabolic Boost  
  26  2:12  Drone  
  27  2:16  Drone  
  28  2:28  Drone x2  
  30  2:37  Queen  
  30  2:43  Overlord  
  32  2:45  Zergling x2  
  32  2:47  Zergling x4  
  35  2:55  Drone  
  34  3:12  Drone x2  
  33  3:16  Drone x7  
  39  3:28  Baneling Nest  
  39  3:32  Hatchery  
  37  3:36  Zergling x4  
  37  3:37  Zergling x4  
  41  3:55  Overlord  
  41  4:01  Overlord, Drone x2  
  43  4:02  Lair  
  43  4:06  Evolution Chamber  
  43  4:08  Roach Warren  
  41  4:15  Drone x2  
  43  4:20  Drone  
  43  4:22  Zergling x10  
  48  4:24  Zergling x2  
  48  4:26  Zergling x2  
  48  4:28  Zergling x2  
  48  4:29  Zergling x2  
  51  4:34  Zergling x2  
  51  4:35  Overlord  
  51  4:46  Zergling x2  
  51  4:47  Zergling x4  
  51  4:49  Zergling x4  
  47  4:53  Zerg Missile Weapons Level 1  
  47  4:58  Zergling x8  
  47  4:59  Overlord  
  51  5:03  Glial Reconstitution  
  51  5:16  Overlord, Drone x3  
  51  5:20  Drone  
  51  5:21  Drone x2  
  57  5:23  Extractor  
  57  5:24  Extractor  
  57  5:27  Drone  
  56  5:33  Drone  
  56  5:34  Drone  
  58  5:37  Drone  
  59  5:43  Zergling x2  
  59  5:44  Zergling x14  
  57  6:03  Drone  
  64  6:04  Drone x6  
  62  6:21  Overlord  
  62  6:24  Roach x2  
  62  6:25  Roach x6  
  77  6:27  Roach  
  77  6:28  Roach  
  77  6:29  Overlord, Extractor  
  80  6:38  Roach  
  80  6:39  Overlord  
  82  6:46  Roach x2  
  85  6:49  Roach  
  85  6:50  Roach  
  85  6:54  Roach x2  
  83  6:55  Roach  
  83  6:59  Roach x2  
  83  7:01  Roach x3  
  83  7:06  Roach  
  81  7:11  Roach x2  
  81  7:12  Roach x2  
  81  7:13  Drone x2  
  83  7:21  Drone  
  82  7:33  Zerg Missile Weapons Level 2  
  82  7:35  Drone x4  
  82  7:36  Drone x3  
  91  7:51  Roach x6  
  91  7:52  Roach  
  91  7:56  Overlord  
  91  7:57  Roach, Overlord  
  105  8:03  Roach  
  103  8:06  Roach, Overlord  
  103  8:07  Roach  
  105  8:20  Roach  
  107  8:28  Overlord, Drone  
  107  8:29  Drone x10  
  107  8:32  Extractor  
  107  8:34  Ravager x2  
  119  8:36  Tunneling Claws  
  119  8:38  Burrow  
  119  8:39  Roach  
  119  8:49  Roach x2  
  119  8:51  Ravager  
  119  8:54  Ravager  
  125  8:58  Roach x2  
  125  9:00  Roach  
  131  9:03  Hatchery  
  131  9:04  Roach x2  
  131  9:09  Overlord  
  134  9:11  Overlord  
  134  9:20  Overlord x2  
  134  9:27  Overlord x2  
  134  9:31  Overlord  
  134  9:35  Overlord  
  134  9:38  Roach x11  
  134  9:39  Roach x5  
  146  9:48  Roach  
  146  9:49  Roach x5, Extractor  
  155  10:01  Roach  
  155  10:02  Roach x7  
  163  10:09  Spire  
  147  10:18  Roach x6  
  147  10:19  Roach x6  
  147  10:20  Roach  
  139  10:27  Roach  
  139  10:28  Roach x2  
  141  10:31  Roach x2  
  141  10:42  Roach x2  
  137  10:47  Hydralisk Den  
  137  10:48  Ravager  
  137  10:49  Ravager x3  
  135  10:50  Ravager, Roach x2  
  135  10:51  Ravager, Roach x2  
  135  10:52  Roach  
  135  10:53  Roach  
  135  10:55  Roach  
Tags
 
Add a new tag
Caveats
  • Supply blocks, unpowered buildings, or Contaminate may cause inaccurate times.
  • Supply counts are checked every 10 seconds.